 Dungeon Crawl Stone Soup version 0.23.1 (webtiles) character file.

Game seed: 0

51951 Elpenore the Pandemonic (level 14, -2/116 HPs)
             Began as a Demonspawn Gladiator on Mar 3, 2019.
             Was a High Priest of Makhleb.
             Slain by an orc warrior
             ... wielding a +0 glaive
              (23 damage)
             ... while paralysed by an orc sorcerer
             ... on level 2 of the Orcish Mines on Mar 11, 2019.
             The game lasted 07:02:22 (22998 turns).

Elpenore the Pandemonic (Demonspawn Gladiator)     Turns: 22998, Time: 07:02:23

Health: -2/116     AC: 27    Str: 25    XL:     14   Next: 25%
Magic:  24/24      EV:  2    Int: 12    God:    Makhleb [*****.]
Gold:   645        SH:  0    Dex: 19    Spells: 13/13 levels left

rFire    + . .     SeeInvis .   c - +5 demon trident (drain)
rCold    + + .     Gourm    .   h - +0 buckler
rNeg     . . .     Faith    .   A - +3 scale mail {rC+}
rPois    .         Spirit   .   w - +1 helmet
rElec    .         Reflect  .   R - +1 cloak {+Inv}
rCorr    .         Harm     .   t - +0 pair of gloves
MR       +....                  (no boots)
Stlth    ..........             Z - amulet of the acrobat
HPRegen  0.29/turn              k - +6 ring of evasion
MPRegen  0.19/turn              T - ring "Gaujevi" {rC+ Str+5 Int+2}

@: paralysed, mighty, sanguine armour, lightly drained
A: talons 2, fire resistance 1, powered by pain 2, sanguine armour 2
a: Minor Destruction, Lesser Servant of Makhleb, Major Destruction, Greater
Servant of Makhleb, Renounce Religion, Evoke Invisibility


You were on level 2 of the Orcish Mines.
You worshipped Makhleb.
Makhleb was extremely pleased with you.
You were not hungry.

You visited 3 branches of the dungeon, and saw 18 of its levels.
You also visited: Ice Cave.

You collected 1659 gold pieces.
You spent 1014 gold pieces at shops.

Inventory:

Hand Weapons
 c - a +5 demon trident of draining (weapon)
Missiles
 d - 3 throwing nets (quivered)
 m - 22 tomahawks
 y - 4 poisoned tomahawks
Armour
 h - a +0 buckler (worn)
 t - a +0 pair of gloves (worn)
 w - a +1 helmet (worn)
 A - a +3 scale mail of cold resistance (worn)
 R - a +1 cloak of invisibility (worn)
Jewellery
 k - a +6 ring of evasion (left hand)
 v - an uncursed ring of poison resistance
 T - the ring "Gaujevi" (right hand) {rC+ Str+5 Int+2}
   (You bought it in a shop on level 7 of the Dungeon)

   [ring of intelligence]

   It affects your strength (+5).
   It affects your intelligence (+2).
   It protects you from cold.
 Z - an amulet of the acrobat (around neck)
Wands
 e - a wand of digging (15)
 j - a wand of acid (11)
 o - a wand of paralysis (10)
 r - a wand of polymorph (15)
 G - a wand of iceblast (12)
 I - a wand of flame (26)
Scrolls
 b - a scroll of vulnerability {unknown}
 g - 4 scrolls of teleportation
 p - 4 scrolls of fear {unknown}
 q - 3 scrolls of magic mapping
 x - 4 scrolls of fog
 B - a scroll of identify
 D - 4 scrolls of remove curse
 E - 4 scrolls of amnesia {unknown}
 F - a scroll of torment {unknown}
 H - a scroll of noise {unknown}
 L - 2 scrolls of blinking {unknown}
 V - a scroll of acquirement {unknown}
Potions
 l - 6 potions of curing
 n - a potion of resistance {unknown}
 s - 6 potions of agility
 u - a potion of cancellation {unknown}
 C - a potion of might {unknown}
 P - 2 potions of brilliance {unknown}
 S - a potion of haste
 W - a potion of magic {unknown}
 Y - a potion of degeneration {unknown}
Miscellaneous
 a - a lightning rod (4/4)
 i - a sack of spiders
Comestibles
 f - 21 rations


   Skills:
 + Level 12.4(11.7) Fighting
 + Level 11.1(10.4) Polearms
 - Level 2.0(1.4) Throwing
 + Level 10.9(10.2) Armour
 + Level 6.0(5.4) Dodging
 - Level 5.0(4.4) Shields
 + Level 13.5(12.8) Invocations
 - Level 5.1(4.5) Evocations


You had 13 spell levels left.
You didn't know any spells.
Your spell library contained the following spells:

 Spells                   Type           Power        Failure   Level  Hunger
 Animate Skeleton         Necr           N/A          54%         1    ##.....
 Apportation              Tloc           #.....       54%         1    ##.....
 Confusing Touch          Hex            #.....       54%         1    ##.....
 Corona                   Hex            #......      54%         1    ##.....
 Pain                     Necr           #...         54%         1    ##.....
 Summon Small Mammal      Summ           #...         54%         1    ##.....
 Ensorcelled Hibernation  Hex/Ice        #.....       69%         2    ###....
 Confuse                  Hex            #.......     89%         3    ####...
 Dazzling Spray           Conj/Hex       #.....       89%         3    ####...
 Regeneration             Chrm/Necr      #.........   89%         3    ####...
 Tukima's Dance           Hex            #.......     89%         3    ####...
 Vampiric Draining        Necr           #.........   89%         3    ####...
 Animate Dead             Necr           N/A          100%        4    #####..
 Ice Form                 Ice/Tmut       #.......     100%        4    #####..
 Metabolic Englaciation   Hex/Ice        #.........   100%        5    ######.
 Bolt of Cold             Conj/Ice       #.........   100%        6    #######
 Freezing Cloud           Conj/Ice/Air   #.........   100%        6    #######
 Ozocubu's Refrigeration  Ice            #.........   100%        6    #######
 Simulacrum               Ice/Necr       #.........   100%        6    #######


Dungeon Overview and Level Annotations

Branches:
Dungeon (10/15)            Temple (0/1) D:7            Lair (6/6) D:10
 Shoals (0/4) Lair:2       Spider (0/4) Lair:4        Slime (0/5) Lair:5
    Orc (2/2) D:10
    Elf: Orc:2

Altars:
Elyvilon
Hepliaklqana
Kikubaaqudgha
Makhleb
Ru
Sif Muna
Trog
Vehumet
Wu Jian
Zin
The Shining One
Beogh

Shops:
D:7 (=   Orc:1 [

Annotations:
Lair:5 2 transporters, exclusion: oklob plant, Plazmod's ghost, journeyman DECj


Innate Abilities, Weirdness & Mutations

You have razor-sharp toenails.
Your flesh is heat resistant. (rF+)
You sometimes gain power by taking damage.
When seriously injured, your bleeding wounds create thick armour. (AC +9)


Message History

* * * LOW HITPOINT WARNING * * *
You focus on the pain.
You feel very mighty all of a sudden.
All of the chunks of flesh in your inventory have rotted away.
The orc priest mumbles some strange prayers to Beogh against you.
Beogh smites you!
* * * LOW HITPOINT WARNING * * *
The orc warrior hits you from afar with a +0 glaive!
* * * LOW HITPOINT WARNING * * *
You hear a shout! x3
An orc comes into view. It is wielding a +0 flail.
The orc priest calls upon Beogh to heal the orc warrior.
The orc warrior's wounds heal themselves!
The orc priest miscasts a cantrip.
The orc warrior barely misses you.
The orc wizard looks encouraged for a moment.
The orc wizard hits you but does no damage. x2
The orc sorcerer hits you but does no damage.
The orc warrior hits you from afar with a +0 glaive!!
You die...

.... ##########.......oo.#.....#.
.... #.............#o#4........##
... ##...........#.oo...#....###
#.##.......#...#o)o##...#...#.#
##......###.....[o.....###.#...
##........#...o.o.oo.....#####..
##.#..._.......oo#..........##...
#..........#....oo...............
##........####.#@#.............##
###†##.##.#...<####...........#
#...###.......# ##..#...##.#..
##..#.#.......## #####.##.....
#.............# #####....
#....#.#..##.## ##...
#...#####......# ..# ##.##
##.##.## .## ### ######


You could see a hellwing, 3 orc sorcerers, 2 orc warriors, 3 orc priests, 5 orc
wizards and an orc.

Vanquished Creatures
  3 hydras
  3 catoblepae (Lair:6)
  2 two-headed ogres
  11 death yaks
  An orc high priest (Orc:1)
  2 manticores (Lair:6)
  13 elephants (Lair:6)
  3 black mambas
  A torpor snail (Lair:6)
  6 spiny frogs
  An ice statue (IceCv)
  7 komodo dragons
  2 ice devils (Lair:5)
  A troll (Orc:1)
  Grinder (D:5)
  10 polar bears
  9 blink frogs
  2 hippogriffs (Lair:6)
  5 dream sheep (Lair:6)
  A wyvern (Lair:4)
  54 yaks
  3 basilisks (Lair:6)
  Eustachio (D:6)
  7 wargs
  Menkaure (D:6)
  A hungry ghost (D:9)
  12 water moccasins
  7 porcupines
  9 orc warriors
  A black bear (D:7)
  3 ice beasts
  2 sky beasts
  2 phantoms
  15 wolves
  6 centaurs
  4 ogres
  7 crocodiles
  11 bullfrogs
  A gnoll sergeant (D:7)
  A wyvern skeleton (D:6)
  A scorpion (D:5)
  16 killer bees
  3 wights (D:10)
  2 crimson imps
  5 howler monkeys
  8 hounds
  9 orc priests
  2 bullfrog skeletons
  2 gnoll shamans
  4 jellies
  A centaur skeleton (D:6)
  4 iguanas
  3 worker ants
  14 orc wizards
  A centaur simulacrum (D:8)
  A killer bee simulacrum (D:8)
  A worker ant zombie (D:5)
  A howler monkey zombie (D:5)
  17 gnolls
  5 adders
  3 shadow imps
  4 white imps
  2 adder skeletons
  2 worms
  A dart slug (D:3)
  An adder simulacrum (D:8)
  A leopard gecko (D:5)
  40 orcs
  3 ball pythons
  3 giant cockroaches
  6 goblins
  5 hobgoblins
  15 jackals
  3 kobolds (D:2)
  3 quokkas
  12 bats
  6 frilled lizards
  2 goblin skeletons (D:6)
  2 goblin zombies (D:6)
  A hobgoblin zombie (D:6)
  A kobold skeleton (D:6)
  A leopard gecko zombie (D:6)
  An orc skeleton (D:6)
  An orc zombie (D:6)
  8 rats
  A fungus (Lair:5)
460 creatures vanquished.

Vanquished Creatures (collateral kills)
  A frost giant (IceCv)
  4 death yaks
  A spiny frog (Lair:3)
  A rime drake (IceCv)
  4 polar bears
  6 yaks
  A black bear (D:8)
  4 wolves
  An electric eel (D:8)
  A bullfrog zombie (D:10)
  An orc priest (Orc:2)
  2 orc wizards
  A killer bee simulacrum (D:8)
  An ufetubus (D:8)
  An adder simulacrum (D:8)
  3 orcs
33 creatures vanquished.

Vanquished Creatures (others)
  6 polar bears (IceCv)
  A yak (IceCv)
  3 wolves (IceCv)
  9 fungi
  17 plants (Lair:6)
36 creatures vanquished.

Grand Total: 529 creatures vanquished

Notes
Turn   | Place    | Note
-------+----------+-------------------------------------------
     0 | D:1      | Elpenore the Demonspawn Gladiator began the quest for the
                  | Orb.
     0 | D:1      | Reached XP level 1. HP: 16/16 MP: 1/1
   310 | D:1      | Gained mutation: When seriously injured, your bleeding
                  | wounds create armour. (AC +9) [demonic ancestry]
   310 | D:1      | Reached XP level 2. HP: 16/22 MP: 2/2
   499 | D:1      | Reached skill level 3 in Polearms
   499 | D:1      | Reached skill level 2 in Throwing
   726 | D:1      | HP: 2/22 [poisoned by a goblin]
   734 | D:1      | HP: 1/22 [poisoned by a goblin]
  1443 | D:2      | Found a radiant altar of Vehumet.
  1488 | D:2      | Found a burning altar of Makhleb.
  1495 | D:2      | Became a worshipper of Makhleb the Destroyer
  1619 | D:2      | Reached XP level 3. HP: 28/28 MP: 3/3
  1779 | D:2      | Reached skill level 3 in Dodging
  1785 | D:2      | Found a sacrificial altar of Ru.
  2200 | D:3      | Found a white marble altar of Elyvilon.
  2615 | D:3      | Noticed Terence
  2616 | D:3      | Noticed Terence
  2616 | D:3      | Terence changed into Terence the ball python
  2621 | D:3      | Killed Terence the ball python
  3089 | D:4      | Reached skill level 1 in Shields
  3191 | D:4      | Reached XP level 4. HP: 32/34 MP: 4/4
  3214 | D:4      | Reached * piety under Makhleb
  3214 | D:4      | Reached skill level 1 in Armour
  3301 | D:4      | Reached skill level 3 in Fighting
  3301 | D:4      | Reached skill level 4 in Polearms
  3301 | D:4      | Reached XP level 5. HP: 30/41 MP: 5/5
  3333 | D:4      | Noticed an ogre
  3465 | D:4      | Killed an ogre
  3465 | D:4      | Reached skill level 2 in Shields
  3465 | D:4      | Gained mutation: Your flesh is heat resistant. (rF+)
                  | [demonic ancestry]
  3465 | D:4      | Reached XP level 6. HP: 10/47 MP: 6/6
  3779 | D:4      | Noticed an ice beast
  3811 | D:4      | Killed an ice beast
  3811 | D:4      | Reached skill level 2 in Armour
  4633 | D:5      | Entered Level 5 of the Dungeon
  4852 | D:5      | Found a hazy altar of Hepliaklqana.
  5159 | D:5      | Reached skill level 5 in Polearms
  5159 | D:5      | Reached XP level 7. HP: 39/53 MP: 7/7
  5315 | D:5      | Reached skill level 4 in Fighting
  5512 | D:5      | Reached skill level 3 in Shields
  5607 | D:5      | Reached skill level 3 in Armour
  6142 | D:5      | Noticed Sigmund
  6143 | D:5      | Noticed Sigmund
  6143 | D:5      | Sigmund changed into Sigmund the jelly
  6148 | D:5      | Killed Sigmund the jelly
  6381 | D:5      | Found a deep blue altar of Sif Muna.
  6520 | D:6      | Noticed Menkaure
  6595 | D:5      | Reached skill level 5 in Fighting
  6595 | D:5      | Gained mutation: You have sharp toenails. [demonic
                  | ancestry]
  6595 | D:5      | Reached XP level 8. HP: 57/62 MP: 8/8
  6719 | D:6      | Reached ** piety under Makhleb
  6780 | D:6      | Reached skill level 4 in Shields
  6801 | D:6      | Reached skill level 1 in Invocations
  6822 | D:6      | Reached skill level 4 in Armour
  6899 | D:6      | Reached skill level 2 in Invocations
  7120 | D:6      | Noticed Eustachio
  7174 | D:6      | Killed Eustachio
  7198 | D:6      | Reached skill level 3 in Invocations
  7521 | D:6      | Noticed Grinder
  7543 | D:6      | Paralysed by Grinder for 3 turns
  7557 | D:5      | Killed Grinder
  7776 | D:6      | Found a glowing golden altar of the Shining One.
  7992 | D:6      | Killed Menkaure
  7992 | D:6      | Reached skill level 6 in Fighting
  7992 | D:6      | Reached skill level 5 in Shields
  7992 | D:6      | Reached skill level 4 in Invocations
  8358 | D:6      | Gained mutation: When seriously injured, your bleeding
                  | wounds create thick armour. (AC +9) [demonic ancestry]
  8358 | D:6      | Reached XP level 9. HP: 69/69 MP: 12/12
  8406 | D:6      | Found a runed translucent door.
  8407 | D:6      | Noticed Crazy Yiuf
  8411 | D:6      | Noticed Crazy Yiuf
  8411 | D:6      | Crazy Yiuf changed into Crazy Yiuf the worm
  8417 | D:6      | Killed Crazy Yiuf the worm
  8560 | D:6      | Reached skill level 5 in Armour
  8919 | D:7      | Reached skill level 5 in Invocations
  9010 | D:7      | Found Ahoom's Jewellery Boutique.
  9024 | D:7      | Found a staircase to the Ecumenical Temple.
  9041 | D:7      | Bought the ring "Gaujevi" {rC+ Str+5 Int+2} for 384 gold
                  | pieces
  9338 | D:7      | Found Rioky's Antique Weapon Emporium.
  9510 | D:7      | Reached *** piety under Makhleb
  9581 | D:7      | Found an ancient bone altar of Kikubaaqudgha.
  9760 | D:8      | Noticed a polar bear
  9829 | D:8      | Noticed a polar bear
  9830 | D:8      | Killed a polar bear
  9834 | D:8      | Reached skill level 6 in Invocations
  9839 | D:8      | Killed a polar bear
  9839 | D:8      | Reached skill level 7 in Fighting
  9839 | D:8      | Reached skill level 6 in Polearms
  9916 | D:8      | Reached skill level 6 in Armour
 10034 | D:8      | Noticed a polar bear
 10035 | D:8      | Noticed a polar bear
 10043 | D:8      | Killed a polar bear
 10048 | D:8      | Killed a polar bear
 10131 | D:8      | Reached skill level 7 in Invocations
 10346 | D:8      | Gained mutation: You have razor-sharp toenails. [demonic
                  | ancestry]
 10346 | D:8      | Reached XP level 10. HP: 55/79 MP: 15/15
 10746 | D:9      | Noticed a two-headed ogre
 10756 | D:9      | Killed a two-headed ogre
 10969 | D:9      | Reached skill level 8 in Fighting
 11002 | D:9      | Reached skill level 7 in Polearms
 11049 | D:9      | Found an ornate altar of the Wu Jian Council.
 11214 | D:9      | Reached skill level 8 in Invocations
 11222 | D:9      | Reached **** piety under Makhleb
 11351 | D:9      | Found a glowing silver altar of Zin.
 11421 | D:9      | Reached skill level 7 in Armour
 11655 | D:10     | Entered Level 10 of the Dungeon
 11718 | D:10     | HP: 4/80 [orc priest/divine providence (13)]
 12145 | D:10     | Identified the +1 robe of Repulsion {rF+ Dex+2}
 12195 | D:10     | Found a staircase to the Orcish Mines.
 12409 | D:10     | Reached skill level 9 in Invocations
 12574 | D:10     | Reached ***** piety under Makhleb
 12584 | D:10     | Found a staircase to the Lair.
 12973 | Lair:1   | Entered Level 1 of the Lair of Beasts
 12981 | Lair:1   | Reached XP level 11. HP: 85/87 MP: 17/17
 13427 | Lair:1   | Got a crude mace
 13428 | Lair:1   | Identified the cursed +0 mace "Siucel Irul" {venom, rC- MR+
                  | Dex+6 Stlth+} (You found it on level 1 of the Lair of
                  | Beasts)
 13558 | Lair:1   | Reached skill level 9 in Fighting
 13806 | Lair:1   | Reached skill level 8 in Polearms
 13857 | Lair:2   | Reached skill level 8 in Armour
 14255 | Lair:2   | Found a staircase to the Shoals.
 14255 | Lair:2   | Noticed a six-headed hydra
 14265 | Lair:2   | Killed a six-headed hydra
 14265 | Lair:2   | Reached skill level 10 in Invocations
 15260 | Lair:3   | Noticed a death yak
 15260 | Lair:3   | Noticed a death yak
 15638 | Lair:3   | Killed a death yak
 15638 | Lair:3   | Reached skill level 1 in Evocations
 15642 | Lair:3   | Noticed a death yak
 15642 | Lair:3   | Noticed a death yak
 15646 | Lair:3   | Noticed a death yak
 15647 | Lair:3   | Noticed a death yak
 15651 | Lair:3   | Killed a death yak
 15651 | Lair:3   | Reached skill level 10 in Fighting
 15659 | Lair:3   | Killed a death yak
 15659 | Lair:3   | Reached skill level 9 in Polearms
 15719 | Lair:3   | Reached skill level 2 in Evocations
 16171 | Lair:2   | Killed a death yak
 16403 | Lair:2   | Killed a death yak
 16407 | Lair:2   | Killed a death yak
 16529 | Lair:4   | Reached XP level 12. HP: 97/97 MP: 18/20
 16555 | Lair:3   | Reached skill level 3 in Evocations
 16927 | Lair:3   | Reached skill level 11 in Invocations
 17357 | Lair:4   | Found a hole to the Spider Nest.
 17718 | Lair:5   | Identified the cursed +1 demon trident "Zoibuass" {venom,
                  | rC+ SInv}
 17720 | Lair:5   | Found a transporter.
 17724 | Lair:5   | Noticed Plazmod's ghost (journeyman DECj)
 17725 | Lair:5   | Identified the +5 trident of the Traitor {antimagic, rElec
                  | rC+ Int+3}
 17727 | Lair:5   | Identified the +5 morningstar of the Eight People {drain,
                  | rPois rC- rN+ Str+4}
 17761 | Lair:5   | Found a transporter.
 17802 | Lair:5   | Reached skill level 4 in Evocations
 17819 | Lair:5   | Found a frozen archway.
 17828 | IceCv    | Entered an ice cave
 17841 | IceCv    | Reached skill level 9 in Armour
 18662 | IceCv    | Noticed a death yak
 18695 | IceCv    | Killed a death yak
 18695 | IceCv    | Reached skill level 11 in Fighting
 18695 | IceCv    | Reached skill level 10 in Polearms
 18695 | IceCv    | Reached skill level 5 in Evocations
 18895 | IceCv    | Noticed a frost giant
 18907 | IceCv    | Reached skill level 12 in Invocations
 18941 | IceCv    | Killed a frost giant
 19326 | IceCv    | Got a transparent whip
 19607 | Lair:5   | Found a bloodstained altar of Trog.
 19744 | D:7      | Bought a glowing demon trident for 630 gold pieces
 19937 | Lair:5   | Gained mutation: You sometimes gain a little power by
                  | taking damage. [demonic ancestry]
 19937 | Lair:5   | Reached XP level 13. HP: 106/106 MP: 22/22
 20126 | Lair:5   | Found a staircase to the Slime Pits.
 20691 | Lair:6   | Entered Level 6 of the Lair of Beasts
 20886 | Lair:6   | Reached skill level 10 in Armour
 20896 | Lair:6   | Reached skill level 4 in Dodging
 21305 | Lair:6   | Reached skill level 12 in Fighting
 21316 | Lair:6   | Reached skill level 5 in Dodging
 21606 | Lair:6   | Reached skill level 13 in Invocations
 21809 | Lair:6   | Gained mutation: You sometimes gain power by taking damage.
                  | [demonic ancestry]
 21809 | Lair:6   | Reached XP level 14. HP: 88/115 MP: 23/23
 21934 | Lair:6   | Reached skill level 11 in Polearms
 22087 | Lair:6   | Got a thick robe
 22103 | Lair:6   | Identified the cursed +1 robe of Disappointment {rC+} (You
                  | found it on level 6 of the Lair of Beasts)
 22477 | Orc:1    | Entered Level 1 of the Orcish Mines
 22586 | Orc:1    | Found Wielyi's Armour Shoppe.
 22741 | Orc:1    | Reached skill level 6 in Dodging
 22867 | Orc:2    | Entered Level 2 of the Orcish Mines
 22887 | Orc:2    | Found a roughly hewn altar of Beogh.
 22994 | Orc:2    | Paralysed by an orc sorcerer for 7 turns
 22998 | Orc:2    | Slain by an orc warrior

Skill      XL: |  1  2  3  4  5  6  7  8  9 10 11 12 13 14 |
---------------+-------------------------------------------+-----
Polearms       | 3 4 5 6 7 9 10 11 | 11.1
Throwing       | 2 |  2.0
Dodging        | 3 5 6 |  6.0
Shields        | 1 2 3 5 |  5.0
Armour         | 1 2 3 4 6 7 8 9 10 | 10.9
Fighting       | 3 5 6 7 8 10 11 12 | 12.4
Invocations    | 4 7 9 10 12 13 | 13.5
Evocations     | 2 5 |  5.1

Action                   |  1- 3 |  4- 6 |  7- 9 | 10-12 | 13-15 || total
-------------------------+-------+-------+-------+-------+-------++-------
Melee: Trident           |   196 |   149 |   512 |  1100 |       ||  1957
       Kick              |       |       |   107 |   471 |   226 ||   804
       Demon trident     |       |       |       |     5 |   463 ||   468
Throw: Throwing net      |       |     3 |       |       |       ||     3
       Tomahawk          |       |       |    12 |       |       ||    12
Invok: Minor Destruction |       |       |    41 |   148 |    65 ||   254
       Lesser Servant of |       |       |     3 |    21 |     1 ||    25
       Major Destruction |       |       |       |     1 |       ||     1
 Abil: Evoke Invisibilit |       |       |     2 |       |       ||     2
Evoke: Wand              |     1 |       |     7 |     6 |     1 ||    15
  Use: Scroll            |     3 |       |     6 |    20 |     1 ||    30
       Potion            |       |       |       |     4 |       ||     4
 Stab: Sleeping          |     1 |       |       |       |       ||     1
       Invisible         |       |       |     2 |       |       ||     2
       Distracted        |       |       |     1 |     7 |       ||     8
  Eat: Chunk             |     4 |     3 |    14 |    20 |    12 ||    53
       Ration            |     1 |     1 |     1 |     4 |       ||     7
Armor: Leather armour    |    47 |       |       |       |       ||    47
       Scale mail        |    13 |    69 |   207 |   351 |    91 ||   731
Dodge: Dodged            |   108 |    58 |   267 |   668 |   300 ||  1401
Block: Buckler           |    20 |    28 |   116 |   284 |   105 ||   553
